 Dungeon Crawl Stone Soup version 0.26-a0-712-ga5a9c9c9d0 (webtiles) character file.

Game seed: 3495828092447110176

586438 kae the Wrestler (level 27, 0/400 HPs)
             Began as a Naga Transmuter on Nov 4, 2020.
             Was the Champion of Cheibriados.
             Slain by a bennu (7 damage)
             ... on level 2 of the Tomb of the Ancients.
             The game lasted 01:23:20 (78780 turns).

kae the Wrestler (Naga Transmuter)                 Turns: 78780, Time: 01:23:20

Health: 0/400      AC: 35    Str: 35 (37) XL:     27
Magic:  0/36       EV: 35    Int: 29      God:    Cheibriados [******]
Gold:   9836       SH:  0    Dex: 39      Spells: 6/44 levels left

rFire    + + .     SeeInvis +     - Unarmed
rCold    + + +     Faith    .   (no shield)
rNeg     + + .     Spirit   +   (armour currently unavailable)
rPois    ∞         Reflect  .   n - +2 hat
rElec    +         Harm     +   b - +3 cloak "Koocebot" {Harm Dex+5}
rCorr    +         Rampage  .   (gloves currently unavailable)
MR       +++..                  (no barding)
Stlth    ++++++....             s - amulet of guardian spirit
HPRegen  0.76/turn              v - +6 ring of dexterity
MPRegen  0.25/turn              t - ring of Sosiago {rC+++ rN+ EV+4 Str-2}

@: statue-form, resistant, very slightly contaminated, slowed, studying
Transmutations, very slow
A: large, fangs 1, rugged brown scales 1, see invisible, deformed body, fire
resistance 1, poison resistance, robust 1, spit poison 1, constrict 1, AC +9
}: 3/15 runes: decaying, silver, gossamer
a: Spit Poison, End Transformation, Bend Time, Temporal Distortion, Slouch, Step
From Time, Renounce Religion


You were on level 2 of the Tomb of the Ancients.
You worshipped Cheibriados.
Cheibriados was exalted by your worship.
You were a stone statue.
You visited 10 branches of the dungeon, and saw 49 of its levels.
You visited the Abyss 2 times.
You also visited: Trove.

You collected 10648 gold pieces.
You spent 812 gold pieces at shops.

Inventory:

Armour
 a - the +2 pair of gloves of Juwkiloe (melded) {Harm}
   (You found it on level 1 of the Vaults)

   It increases damage dealt and taken.
 b - the +3 cloak "Koocebot" (worn) {Harm Dex+5}
   (You found it on level 1 of the Crypt)

   It affects your dexterity (+5).
   It increases damage dealt and taken.
 n - a +2 hat (worn)
 x - +5 steam dragon scales (melded)
 N - the +4 skin of Zhor {Englaciate rC+++ SInv}
   (You found it on level 5 of the Vaults)

   It renders you almost immune to cold.
   It lets you see invisible.
 O - a +2 cloak
Jewellery
 o - an uncursed ring of protection from magic
 s - an amulet of guardian spirit (around neck)
 t - the ring of Sosiago (right hand) {rC+++ rN+ EV+4 Str-2}
   (You found it on level 5 of the Vaults)

   [ring of evasion]

   It affects your evasion (+4).
   It affects your strength (-2).
   It renders you almost immune to cold.
   It protects you from negative energy.
 v - a +6 ring of dexterity (left hand)
 D - the ring "Dipairirgh" {Int+6 SInv}
   (You took it off a yaktaur captain on level 5 of the Vaults)

   [ring of intelligence]

   It affects your intelligence (+6).
   It lets you see invisible.
 P - the ring "Boewunias" {rC+ Str+5}
   (You found it on level 5 of the Vaults)

   [ring of protection from cold]

   It affects your strength (+5).
   It protects you from cold.
 R - the amulet "Nimoi" {Spirit +Blink MR+ Stlth+}
   (You took it off a spriggan defender on level 2 of the Depths)

   [amulet of guardian spirit]

   It causes incoming damage to be split between your health and magic.
   It affects your resistance to hostile enchantments.
   It lets you blink.
   It makes you more stealthy.
 T - an uncursed amulet of regeneration
 V - an uncursed ring of resist corrosion
 Z - the ring of Conformity {rElec rF+}
   (You found it on level 2 of the Depths)

   [ring of protection from fire]

   It protects you from fire.
   It insulates you from electricity.
Wands
 f - a wand of disintegration (20)
 h - a wand of digging (10)
 l - a wand of flame (105)
 w - a wand of iceblast (48)
 y - a wand of polymorph (41)
 S - a wand of acid (9)
 U - a wand of paralysis (32)
Scrolls
 d - 26 scrolls of remove curse
 g - 32 scrolls of identify
 j - 5 scrolls of fear
 k - 7 scrolls of enchant weapon
 r - 6 scrolls of amnesia
 z - 18 scrolls of teleportation
 A - 2 scrolls of blinking
 C - 5 scrolls of fog
 F - 2 scrolls of silence
 G - 7 scrolls of enchant armour
 I - 6 scrolls of magic mapping
 J - 5 scrolls of holy word
 M - 2 scrolls of brand weapon
 X - 3 scrolls of torment
Potions
 c - 3 potions of stabbing
 i - 5 potions of ambrosia
 p - 2 potions of magic
 q - 8 potions of might
 u - 4 potions of resistance
 B - 13 potions of heal wounds
 E - 13 potions of curing
 H - 4 potions of mutation
 K - 5 potions of invisibility
 L - 3 potions of flight
 Q - 2 potions of cancellation
 W - 4 potions of lignification
Books
 Y - a manual of Transmutations


   Skills:
 + Level 21.2 Fighting
 - Level 8.0 Armour
 - Level 16.0 Dodging
 - Level 10.0 Stealth
 * Level 24.5 Unarmed Combat
 - Level 9.0 Spellcasting
 - Level 7.0 Hexes
 - Level 18.0 Transmutations
 - Level 4.0 Ice Magic
 - Level 8.0 Earth Magic
 - Level 6.0 Poison Magic
 - Level 11.0 Invocations
 - Level 8.0 Evocations


You had 6 spell levels left.
You knew the following spells:

 Your Spells              Type           Power        Failure   Level
a - Beastly Appendage     Tmut           ######       0%          1
b - Spider Form           Tmut/Pois      ######....   1%          3
c - Blade Hands           Tmut           #######...   1%          5
d - Ice Form              Ice/Tmut       ######..     1%          4
e - Dragon Form           Tmut           #######...   2%          7
f - Statue Form           Tmut/Erth      ######...    3%          6
g - Yara's Violent Unrav  Hex/Tmut       ######....   1%          5
h - Passwall              Tmut/Erth      ######..     1%          2
i - Irradiate             Conj/Tmut      ######....   2%          5

Your spell library contained the following spells:

 Spells                   Type           Power        Failure   Level
 Wereblood                Tmut           #######.     0%          2
 Corona                   Hex            ######.      1%          1
 Freeze                   Ice            ####         1%          1
 Sandblast                Erth           ######       1%          1
 Sting                    Tmut/Pois      ####         1%          1
 Ensorcelled Hibernation  Hex/Ice        #####.       1%          2
 Poisonous Vapours        Pois/Air       ####..       1%          2
 Slow                     Hex            ######..     1%          2
 Confusing Touch          Hex            ######..     1%          3
 Ignite Poison            Fire/Tmut/Pois ######..     1%          3
 Leda's Liquefaction      Hex/Erth       ######....   1%          4
 Petrify                  Tmut/Erth      ######..     1%          4
 Hydra Form               Tmut           #######...   1%          6
 Frozen Ramparts          Ice            #####.       2%          3
 Ozocubu's Armour         Ice            #####...     2%          3
 Stone Arrow              Conj/Erth      #####.       2%          3
 Cause Fear               Hex            ######....   2%          4
 Dazzling Flash           Conj/Hex       ####..       3%          3
 Inner Flame              Hex/Fire       ####....     3%          3
 Portal Projectile        Hex/Tloc       ####..       3%          3
 Summon Guardian Golem    Hex/Summ       ####....     3%          3
 Olgreb's Toxic Radiance  Pois           #####...     3%          4
 Foxfire                  Conj/Fire      ##..         4%          1
 Magic Dart               Conj           ##..         4%          1
 Pain                     Necr           ##..         4%          1
 Shock                    Conj/Air       ##..         4%          1
 Summon Small Mammal      Summ           ##..         4%          1
 Mephitic Cloud           Conj/Pois/Air  ###.....     5%          3
 Blink                    Tloc           N/A          6%          2
 Call Imp                 Summ           ##......     6%          2
 Searing Ray              Conj           ##....       6%          2
 Sublimation of Blood     Necr           ##........   6%          2
 Swiftness                Air            ##......     6%          2
 Fulminant Prism          Conj/Hex       ####......   10%         4
 Call Canine Familiar     Summ           ##......     12%         3
 Conjure Flame            Conj/Fire      ##......     12%         3
 Gell's Gravitas          Tloc           ##........   12%         3
 Lesser Beckoning         Tloc           ##........   12%         3
 Static Discharge         Conj/Air       ##......     12%         3
 Teleport Other           Tloc           ##......     12%         3
 Metabolic Englaciation   Hex/Ice        #####.....   12%         5
 Hailstorm                Conj/Ice       ###.....     19%         4
 Summon Ice Beast         Ice/Summ       ###.....     19%         4
 Borgnjor's Vile Clutch   Necr/Erth      #####.....   22%         5
 Silence                  Hex/Air        ####......   26%         5
 Bolt of Magma            Conj/Fire/Erth ####......   36%         5
 Airstrike                Air            ##........   38%         4
 Iskenderun's Mystic Bla  Conj/Tloc      ##......     38%         4
 Passage of Golubria      Tloc           N/A          38%         4
 Sticky Flame             Conj/Fire      ##......     38%         4
 Summon Lightning Spire   Summ/Air       ##......     38%         4
 Fireball                 Conj/Fire      ##........   75%         5
 Iskenderun's Battlesphe  Conj           ##......     75%         5
 Lightning Bolt           Conj/Air       ##........   75%         5
 Summon Demon             Summ           ##........   75%         5
 Summon Forest            Summ/Tloc      ##........   75%         5
 Iron Shot                Conj/Erth      #####.....   77%         6
 Ozocubu's Refrigeration  Ice            #####.....   77%         6
 Simulacrum               Ice/Necr       ###.......   95%         6
 Freezing Cloud           Conj/Ice/Air   ###.......   98%         6
 Conjure Ball Lightning   Conj/Air       ##........   99%         6
 Dispersal                Tloc           ##........   99%         6
 Shadow Creatures         Summ           N/A          99%         6
 Starburst                Conj/Fire      ##........   99%         6
 Haunt                    Necr/Summ      ##........   100%        7
 Orb of Destruction       Conj           ##........   100%        7
 Spellforged Servitor     Conj/Summ      ##........   100%        7
 Borgnjor's Revivificati  Necr           ##........   100%        8
 Chain Lightning          Conj/Air       ##........   100%        8
 Ignition                 Fire           ##........   100%        8
 Infestation              Necr           ##........   100%        8
 Lehudib's Crystal Spear  Conj/Erth      #####.....   100%        8
 Necromutation            Tmut/Necr      ######....   100%        8
 Absolute Zero            Ice            #####.....   100%        9
 Death's Door             Necr           ##........   100%        9
 Fire Storm               Conj/Fire      ##........   100%        9
 Shatter                  Erth           ######....   100%        9
 Tornado                  Air            ##........   100%        9


Dungeon Overview and Level Annotations

Branches:
Dungeon (15/15)            Temple (0/1) D:7            Lair (6/6) D:8
  Swamp (4/4) Lair:2       Spider (4/4) Lair:3        Slime (0/5) Lair:6
    Orc (2/2) D:12            Elf (3/3) Orc:2        Vaults (5/5) D:14
  Crypt (3/3) Vaults:2       Tomb (2/3) Crypt:3      Depths (5/5) D:15
    Zot (0/5) Depths:5

Altars:
Ashenzari
Cheibriados
Fedhas
Kikubaaqudgha
Nemelex Xobeh
Okawaru
Qazlal
Sif Muna
Vehumet
Xom
Yredelemnul

Shops:
D:4 =   D:13 [   D:14 *   Orc:1 }   Orc:2 (*:[   Elf:2 =   Elf:3 :   Vaults:1 [
Vaults:2 (   Vaults:4 [   Depths:1 :*[?(   Depths:2 }=}

Portals:
Hell: Depths:1 Depths:2 Depths:3 Depths:4 Depths:5
Abyss: Depths:4
Pandemonium: Depths:1 Depths:2 Depths:3 Depths:5
Ziggurat: Depths:2

Annotations:
D:13 3 runed translucent doors, Buocwem's ghost, journeyman MiFi
Lair:2 exclusion: 2 oklob plants
Lair:5 exclusion: oklob plant
Swamp:4 exclusion: 2 oklob plants
Elf:3 1 exclusion


Innate Abilities, Weirdness & Mutations

You cannot wear boots.
((Your serpentine skin is tough. (AC +9)))
You have supernaturally acute eyesight. (SInv)
Armour fits poorly on your strangely shaped body.
Your system is resistant to poisons. (rPois)
((You cover ground very slowly.))
You can spit poison.
You can use your snake-like lower body to constrict enemies.
You have very sharp teeth.
(You are partially covered in rugged brown scales. (AC +1, +3% HP))
Your flesh is heat resistant. (rF+)
You are robust. (+10% HP)


Message History

The mummy priest utters an invocation to its god.
The greater mummy calls on the powers of darkness!
The bennu convulses!
Your body is wracked with pain!
* * * LOW HITPOINT WARNING * * *
The emperor scorpion convulses! x2
The greater mummy gestures wildly while chanting.
The flying skull hits you but does no damage.
The bennu barely misses you. The bennu completely misses you. x2
The phantasmal warrior blinks!
Press: ? - help, Dir - move target cursor
As you read the scroll of blinking, it crumbles to dust.
The greater mummy calls on the powers of darkness!
The bennu convulses!
Your body is wracked with pain!
* * * LOW HITPOINT WARNING * * *
The mana viper convulses!
The greater mummy calls on the powers of darkness!
The bennu convulses!
Your body is wracked with pain!
* * * LOW HITPOINT WARNING * * *
The mana viper convulses!
The phantasmal warrior blinks!
The bennu pecks you!
You die...

....................#,^,,*
....................#.,,,*
.?....$....#...)....'.,,,*
.......Z............#,,,,*
.....MVM....W.......#,,,,*
.......s.........?..#*****
.......M.M4#........#,,,>*
......§W.s..4MzzVW..#,,,,*
..^.....ZMsWSMzb8...#,,,,*
......§...M.M.M###..#,,,,*
...........Z§Z.# *,.#,,,,*
............§..# *,,#,^,,*
,,,,...........#**,,*,,,,*
,,,,,............,,,*,,,^*
,,,,,...^.........,,*,,,,*
,,,,,........^..?...*,,,,*
*****###############*+****


You could see 4 greater mummies, 2 emperor scorpions, a bennu, a mummy priest,
an orange demon (summoned), a phantasmal warrior (summoned), a mana viper
(summoned), a rust devil (summoned), 2 freezing wraiths, a spectral quicksilver
dragon (summoned), a vampire (summoned), 3 flying skulls, 2 mummies and an iron
dragon simulacrum (summoned).

Vanquished Creatures
  An ancient lich (Tomb:1)
  Mara (Vaults:4)
  A juggernaut (Depths:4)
  A greater mummy (Tomb:1)
  Frederick (Vaults:4)
  Bai Suzhen (Swamp:3)
  3 caustic shrikes
  5 golden dragons
  Nikola (Swamp:2)
  the Enchantress (Depths:2)
  A bone dragon (Crypt:3)
  4 liches
  A profane servitor (Crypt:3)
  Arachne (Spider:4)
  3 tentacled monstrosities
  Rupert (D:12)
  Jorgrun (D:15)
  A quicksilver dragon (shapeshifter) (D:14)
  Asterion (Spider:2)
  2 deep elf blademasters (Elf:3)
  9 titans
  2 deep elf master archers (Elf:3)
  A quicksilver dragon (Vaults:5)
  Gastronok (D:9)
  Kirke (Spider:4)
  Donald (Swamp:2)
  13 sphinxes
  4 ancient champions
  5 thorn hunters
  6 shadow dragons
  8 tengu reavers
  8 storm dragons
  3 deep elf sorcerers
  A revenant (Tomb:1)
  3 orc warlords
  25 vault wardens
  The ghost of ipx the Scorcher, an adept DEEE of Vehumet (Spider:4)
  A fire giant (shapeshifter) (Vaults:5)
  10 frost giants
  11 fire giants
  4 ghost moths
  2 iron dragons
  3 curse skulls
  Aizul (Vaults:1)
  A draconian shifter (Depths:5)
  4 spriggan defenders
  4 deep elf elementalists (Elf:3)
  5 emperor scorpions
  11 ghouls
  A draconian stormcaller (Depths:5)
  2 bennus (Tomb:1)
  17 ironheart preservers
  A stone giant (shapeshifter) (Vaults:1)
  19 stone giants
  18 very ugly things
  8 entropy weavers
  5 deep elf demonologists
  A war gargoyle (Vaults:5)
  A hydra skeleton (Swamp:4)
  Nessos (D:12)
  6 deep elf annihilators
  10 vampire knights
  2 green draconians (Depths:5)
  A black draconian (Depths:5)
  A purple draconian (Depths:5)
  3 spark wasps
  2 red draconians (Depths:5)
  A yellow draconian (Depths:5)
  Azrael (Orc:2)
  7 deep elf death magi
  6 ettins
  Josephine (Lair:4)
  5 eidola
  A merfolk javelineer (Depths:2)
  8 jiangshi
  11 mummy priests
  A fire dragon (shapeshifter) (Vaults:4)
  A blizzard demon (Depths:1)
  6 fire dragons
  A merfolk impaler (Depths:1)
  Erolcha (D:11)
  9 deep elf high priests
  6 great orbs of eyes
  19 yaktaur captains
  3 rakshasas
  33 vault guards
  14 ice dragons
  An ice dragon (shapeshifter) (Vaults:1)
  20 hydras
  15 boulder beetles
  3 shambling mangroves
  2 ghost crabs
  6 spriggan air magi
  7 death knights
  37 dancing weapons
  5 centaur warriors
  27 two-headed ogres
  4 tengu warriors
  11 alligators
  2 deep troll shamans
  5 vampire magi
  10 ogre magi
  2 titan zombies (Crypt:3)
  8 deep troll earth magi
  6 orc high priests
  9 spriggan berserkers
  A storm dragon zombie (Vaults:2)
  2 hell knights
  A thrashing horror (Abyss:2)
  Sonja (Orc:2)
  17 deep elf knights
  A sun demon (Abyss:2)
  A soul eater (Depths:1)
  A shadow wraith (Vaults:2)
  Nergalle (D:10)
  15 skeletal warriors
  13 spriggans
  A golden dragon zombie (Crypt:3)
  30 deep trolls
  7 swamp dragons
  9 flayed ghosts
  A wretched star (Abyss:3)
  2 storm dragon skeletons (Crypt:2)
  5 spectral hydras (Swamp:4)
  4 spriggan druids
  3 unseen horrors
  A swamp dragon (shapeshifter) (Vaults:5)
  An orange crystal statue (Depths:1)
  21 deep elf archers
  28 phantasmal warriors
  3 glowing orange brains
  An anaconda zombie (Tomb:1)
  2 shadow dragon zombies (Crypt:3)
  17 ironbrand convokers
  2 wolf spider zombies (D:14)
  3 wizards
  A fire giant zombie (Crypt:3)
  55 deep elf magi
  A glowing shapeshifter (Depths:3)
  42 wolf spiders
  5 necromancers
  21 orb spiders
  8 orc sorcerers
  An iron dragon zombie (Crypt:3)
  8 cyclopes
  A tengu skeleton (Vaults:3)
  2 stone giant zombies
  17 orc knights
  39 ugly things
  A frost giant zombie (Crypt:3)
  5 manticores
  A faun (shapeshifter) (Vaults:5)
  5 elephants (Lair:6)
  A shadow dragon skeleton (Crypt:2)
  Maurice (D:12)
  7 moths of wrath
  A dire elephant zombie (Crypt:1)
  A fire giant skeleton (Vaults:4)
  2 black mambas (shapeshifter)
  A guardian serpent (shapeshifter) (Elf:2)
  A rust devil (Depths:4)
  15 vault sentinels
  3 torpor snails
  4 black mambas
  Joseph (D:9)
  A torpor snail (shapeshifter) (Vaults:5)
  An orange demon (Depths:1)
  24 cane toads
  A catoblepas zombie (Crypt:2)
  A yellow draconian zombie (Crypt:2)
  6 rime drakes
  11 komodo dragons
  2 rime drakes (shapeshifter)
  3 human zombies
  22 demonic crawlers
  14 freezing wraiths
  60 yaktaurs
  A tengu conjurer (Depths:1)
  A white draconian skeleton (Crypt:1)
  2 ice devils (Depths:1)
  A red devil (Depths:3)
  A hellwing (Depths:1)
  2 jumping spiders (shapeshifter)
  A minotaur skeleton (Tomb:1)
  A golden dragon simulacrum (Vaults:4)
  2 death drake zombies (Swamp:4)
  2 efreet
  19 guardian mummies
  A meliai (shapeshifter) (Vaults:4)
  A troll (shapeshifter) (Vaults:3)
  44 jumping spiders
  2 wind drakes (shapeshifter)
  13 trolls
  A polar bear (shapeshifter) (Vaults:5)
  A raiju (shapeshifter) (Vaults:3)
  22 hornets
  3 hydra zombies
  9 tyrant leeches
  27 slime creatures
  10 bog bodies
  An ice dragon zombie (Crypt:3)
  4 dream sheep (Lair:4)
  2 raiju (Abyss:3)
  An ettin zombie (Vaults:3)
  A fire dragon zombie (Crypt:3)
  16 blink frogs
  6 air elementals
  A dream sheep (shapeshifter) (Vaults:5)
  A stone giant simulacrum (Vaults:3)
  4 shadows
  An ettin skeleton (Vaults:4)
  3 ushabtiu
  27 flying skulls
  62 redbacks
  21 water elementals
  A wyvern (shapeshifter) (Vaults:5)
  A black mamba skeleton (Crypt:2)
  13 tarantellas
  12 wraiths
  A yak (shapeshifter) (Depths:1)
  47 yaks
  6 vampire mosquitoes
  5 wyverns
  A human simulacrum (Vaults:3)
  A tyrant leech zombie (Crypt:1)
  7 basilisks
  3 steam dragons
  2 hogs (Spider:4)
  8 fire elementals
  18 swamp worms
  10 insubstantial wisps
  7 wargs
  3 acid dragons
  A hydra simulacrum (Swamp:4)
  12 water moccasins
  An acid dragon (shapeshifter) (Depths:2)
  3 hell hounds
  A cane toad zombie (Crypt:3)
  2 floating eyes (Depths:3)
  51 orc warriors
  15 swamp drakes
  2 ice beasts (D:5)
  A sky beast (shapeshifter) (Depths:2)
  A boulder beetle simulacrum (Vaults:2)
  A hornet zombie (D:13)
  A phantom (D:5)
  5 sky beasts
  A snapping turtle zombie (Crypt:3)
  An eye of draining (shapeshifter) (Vaults:3)
  A fire dragon simulacrum (Crypt:2)
  16 necrophages
  3 swamp dragon zombies (Swamp:4)
  18 wolves
  7 boggarts
  30 ogres
  9 centaurs
  A swamp dragon skeleton (Swamp:4)
  A big kobold (D:13)
  An octopode zombie (Crypt:1)
  2 small abominations
  3 human skeletons (Vaults:4)
  16 bullfrogs
  A wyvern zombie (D:10)
  A glowing shapeshifter simulacrum (Vaults:4)
  3 earth elementals
  A water moccasin zombie (D:11)
  11 wyvern skeletons
  4 scorpions
  An elf simulacrum (Vaults:2)
  7 killer bees (D:10)
  9 wights
  5 howler monkeys
  A wolf zombie (Crypt:2)
  3 bullfrog zombies
  10 starcursed masses (Abyss:2)
  4 quasits (Depths:1)
  5 centaur zombies
  3 bullfrog skeletons
  4 hounds
  6 jellies
  Crazy Yiuf (D:3)
  23 orc priests
  33 orc wizards
  4 centaur skeletons
  7 iguanas
  A demonspawn skeleton (Crypt:1)
  10 worker ants
  2 killer bee zombies
  A deep dwarf zombie (Crypt:1)
  2 tengu zombies
  2 hound skeletons
  18 mummies
  A worker ant zombie (D:7)
  4 adders
  A howler monkey skeleton (D:6)
  A steam dragon zombie (Crypt:1)
  A swamp drake skeleton (Crypt:2)
  A shadow imp (D:10)
  4 white imps
  3 ufetubi (Depths:1)
  5 oozes
  An adder skeleton (D:9)
  3 worms (D:2)
  A worm (shapeshifter) (Depths:5)
  4 dart slugs
  7 leopard geckos
  116 orcs
  5 giant cockroaches
  3 goblins
  2 hobgoblins (D:3)
  24 jackals
  2 kobolds (D:2)
  4 quokkas
  A ball python (D:5)
  2 bats
  4 frilled lizards
  A goblin skeleton (Crypt:2)
  A kobold zombie (Crypt:2)
  A quokka skeleton (D:4)
  A quokka zombie (D:7)
  3 rats
  7 briar patches
  2 withered plants (Crypt:3)
2257 creatures vanquished.

Vanquished Creatures (others)
  An entropy weaver (Vaults:5)
  An ice dragon (Depths:5)
  An orb spider (Spider:4)
  A deep elf mage (Elf:1)
  2 yaktaurs
  5 humans (Spider:4)
  2 boggarts (Depths:3)
  An adder (D:11)
  An orc (Orc:2)
  3 briar patches (Depths:2)
  25 fungi
  119 plants
  16 withered plants (Crypt:3)
178 creatures vanquished.

Grand Total: 2435 creatures vanquished

Notes
Turn   | Place    | Note
-------+----------+-------------------------------------------
     0 | D:1      | kae the Naga Transmuter began the quest for the Orb.
     0 | D:1      | Reached XP level 1. HP: 18/18 MP: 3/3
   570 | D:1      | Reached XP level 2. HP: 25/25 MP: 3/5
  1512 | D:2      | Reached XP level 3. HP: 31/31 MP: 4/6
  1520 | D:2      | Learned a level 3 spell: Spider Form
  2195 | D:2      | Found a faded altar of an unknown god.
  2590 | D:3      | Reached skill level 1 in Poison Magic
  2605 | D:3      | Found a stormy altar of Qazlal.
  2616 | D:3      | Reached XP level 4. HP: 7/38 MP: 3/7
  2621 | D:3      | Gained mutation: You have very sharp teeth. [potion of
                  | mutation]
  2621 | D:3      | Gained mutation: Your flesh is heat resistant. (rF+)
                  | [potion of mutation]
  2621 | D:3      | Gained mutation: You are robust. (+10% HP) [potion of
                  | mutation]
  2621 | D:3      | Gained mutation: You are partially covered in rugged brown
                  | scales. (AC +1, +3% HP) [potion of mutation]
  3202 | D:3      | Found a sparkling altar of Nemelex Xobeh.
  3228 | D:3      | Found a shimmering blue altar of Sif Muna.
  3230 | D:3      | Found a snail-covered altar of Cheibriados.
  3244 | D:3      | Found an iron altar of Okawaru.
  3328 | D:3      | Became a worshipper of Cheibriados the Contemplative
  3416 | D:3      | Found a runed translucent door.
  3417 | D:3      | Noticed Crazy Yiuf
  3516 | D:4      | Reached XP level 5. HP: 35/49 MP: 6/8
  3603 | D:4      | Found a broken altar of Ashenzari.
  3847 | D:4      | Reached skill level 4 in Unarmed Combat
  4173 | D:4      | Reached XP level 6. HP: 48/57 MP: 5/9
  4262 | D:4      | Reached skill level 5 in Transmutations
  4654 | D:4      | Found Vumag's Jewellery Shoppe.
  4839 | D:5      | Entered Level 5 of the Dungeon
  4839 | D:5      | Noticed an ice beast
  4846 | D:5      | Killed an ice beast
  4846 | D:5      | Reached XP level 7. HP: 64/64 MP: 3/10
  4860 | D:5      | Reached * piety under Cheibriados
  4910 | D:5      | Reached skill level 5 in Unarmed Combat
  5250 | D:5      | Reached XP level 8. HP: 36/72 MP: 5/11
  5816 | D:5      | Reached ** piety under Cheibriados
  5890 | D:5      | Reached skill level 6 in Unarmed Combat
  6223 | D:6      | Learned a level 5 spell: Blade Hands
  7059 | D:6      | Found an ancient bone altar of Kikubaaqudgha.
  7138 | D:6      | Found a stormy altar of Qazlal.
  7738 | D:7      | Found a staircase to the Ecumenical Temple.
  8224 | D:8      | Noticed a wyvern
  8241 | D:8      | Killed a wyvern
  8383 | D:8      | Reached XP level 9. HP: 78/79 MP: 9/13
  8667 | D:8      | Reached skill level 7 in Unarmed Combat
  8673 | D:8      | Found a staircase to the Lair.
  8697 | D:8      | Reached *** piety under Cheibriados
  9715 | D:8      | Reached skill level 10 in Transmutations
 10132 | D:9      | Noticed a two-headed ogre
 10142 | D:9      | Killed a two-headed ogre
 10142 | D:9      | Reached skill level 8 in Unarmed Combat
 10596 | D:9      | Reached XP level 10. HP: 79/88 MP: 10/14
 10609 | D:9      | Reached **** piety under Cheibriados
 10900 | D:9      | Noticed Joseph
 10915 | D:9      | Killed Joseph
 10915 | D:9      | Reached skill level 9 in Unarmed Combat
 11332 | D:10     | Entered Level 10 of the Dungeon
 11332 | D:10     | Noticed Gastronok
 11345 | D:9      | Killed Gastronok
 11345 | D:9      | Reached skill level 10 in Unarmed Combat
 11746 | D:10     | Noticed Nergalle
 11925 | D:10     | Reached XP level 11. HP: 97/105 MP: 9/15
 11996 | D:10     | Reached skill level 5 in Fighting
 12118 | D:10     | Noticed a boulder beetle
 12126 | D:10     | Killed a boulder beetle
 12126 | D:10     | Reached skill level 5 in Dodging
 12136 | D:10     | Reached ***** piety under Cheibriados
 12828 | D:10     | Killed Nergalle
 13402 | D:11     | Noticed a brown ugly thing
 13407 | D:11     | Killed a brown ugly thing
 13462 | D:11     | Noticed Erolcha
 13472 | D:11     | Killed Erolcha
 13757 | D:11     | Noticed a cyclops
 13779 | D:11     | Reached XP level 12. HP: 123/126 MP: 16/16
 14319 | D:11     | Reached ****** piety under Cheibriados
 14631 | D:11     | Learned a level 4 spell: Ice Form
 14751 | Lair:1   | Entered Level 1 of the Lair of Beasts
 15602 | Lair:1   | Identified a scroll of acquirement
 15602 | Lair:1   | Acquired 995 gold pieces
 15725 | Lair:2   | Reached skill level 10 in Fighting
 16564 | Lair:2   | Found a staircase to the Swamp.
 16615 | Lair:2   | Noticed a five-headed hydra
 16621 | Lair:2   | Killed a five-headed hydra
 16621 | Lair:2   | Reached skill level 10 in Dodging
 16621 | Lair:2   | Reached skill level 1 in Armour
 16963 | Lair:3   | You fall into a shaft and drop 1 floor!
 17004 | Lair:4   | Noticed a six-headed hydra
 17009 | Lair:4   | Killed a six-headed hydra
 17009 | Lair:4   | Gained mutation: You can use your snake-like lower body to
                  | constrict enemies. [Naga growth]
 17009 | Lair:4   | Reached XP level 13. HP: 118/138 MP: 10/17
 17389 | Lair:4   | Reached skill level 5 in Armour
 17396 | Lair:4   | Noticed Josephine
 17400 | Lair:4   | Reached skill level 1 in Invocations
 17403 | Lair:4   | Killed Josephine
 17648 | Lair:4   | Reached skill level 5 in Invocations
 19073 | Lair:3   | Found a hole to the Spider Nest.
 19698 | Lair:5   | Reached skill level 1 in Stealth
 20030 | Lair:5   | Reached skill level 5 in Stealth
 21068 | Lair:5   | Found a blossoming altar of Fedhas.
 21195 | Lair:5   | Reached XP level 14. HP: 147/149 MP: 13/20
 21642 | Lair:6   | Entered Level 6 of the Lair of Beasts
 21743 | Lair:6   | Reached skill level 10 in Stealth
 21754 | Lair:6   | Reached skill level 1 in Ice Magic
 22313 | Lair:6   | Reached skill level 5 in Spellcasting
 22753 | Lair:6   | Found a staircase to the Slime Pits.
 24388 | D:12     | Found a staircase to the Orcish Mines.
 24396 | D:12     | Noticed Rupert
 24412 | D:12     | Killed Rupert
 24632 | D:12     | Noticed Nessos
 24655 | D:12     | Killed Nessos
 25184 | D:12     | Noticed Maurice
 25189 | D:12     | Killed Maurice
 25475 | D:13     | Found Nelux's Armour Shoppe.
 25989 | D:13     | Found a runed translucent gate.
 25989 | D:13     | Found a runed translucent gate.
 25990 | D:13     | Found a runed translucent gate.
 25999 | D:13     | Noticed Buocwem's ghost (journeyman MiFi)
 26277 | D:13     | Found a portal to a secret trove of treasure.
 26733 | D:3      | Killed Crazy Yiuf
 27234 | D:14     | Reached XP level 15. HP: 156/166 MP: 15/22
 27476 | D:14     | Found a huge runed gate.
 27476 | D:14     | Found a huge runed gate.
 27478 | D:14     | Found a huge runed gate.
 27479 | D:14     | Found a huge runed gate.
 27480 | D:14     | Found a huge runed gate.
 27564 | D:14     | Found a huge runed gate.
 27564 | D:14     | Found a huge runed gate.
 27571 | D:14     | Found a huge runed gate.
 27571 | D:14     | Found a huge runed gate.
 27571 | D:14     | Found a huge runed gate.
 27571 | D:14     | Found a huge runed gate.
 27575 | D:14     | Found a huge runed gate.
 27590 | D:14     | Found Emususos's Elemental Accessories.
 27596 | D:14     | Found a huge runed gate.
 27597 | D:14     | Found a huge runed gate.
 27597 | D:14     | Found a huge runed gate.
 27598 | D:14     | Found a huge runed gate.
 27600 | D:14     | Found a huge runed gate.
 27601 | D:14     | Found a huge runed gate.
 28073 | D:14     | Found a gate to the Vaults.
 28230 | D:14     | Found a huge runed gate.
 28231 | D:14     | Found a huge runed gate.
 28231 | D:14     | Found a huge runed gate.
 28231 | D:14     | Found a huge runed gate.
 28231 | D:14     | Found a huge runed gate.
 28231 | D:14     | Found a huge runed gate.
 28231 | D:14     | Found a huge runed gate.
 28232 | D:14     | Found a huge runed gate.
 28233 | D:14     | Found a huge runed gate.
 28437 | D:14     | Noticed a frost giant
 28437 | D:14     | Noticed an orc warlord
 28437 | D:14     | Noticed a tengu reaver
 28437 | D:14     | Noticed a storm dragon
 28534 | D:14     | Killed a frost giant
 28534 | D:14     | Reached skill level 11 in Unarmed Combat
 29070 | D:14     | Noticed an azure jelly
 29070 | D:14     | an alligator snapping turtle changed into an azure jelly
 29074 | D:14     | Noticed a sphinx
 29074 | D:14     | an azure jelly changed into a sphinx
 29075 | D:14     | Noticed a shadow dragon
 29075 | D:14     | a sphinx changed into a shadow dragon
 29077 | D:14     | Killed a tengu reaver
 29082 | D:14     | Noticed a quicksilver dragon
 29082 | D:14     | a shadow dragon changed into a quicksilver dragon
 29085 | D:14     | Killed a quicksilver dragon
 29085 | D:14     | Reached skill level 12 in Unarmed Combat
 29387 | D:14     | Killed an orc warlord
 29527 | D:14     | Killed a storm dragon
 29566 | D:14     | Found a gate to the Vaults.
 29967 | D:14     | Found Emususos's Elemental Accessories.
 30202 | D:14     | Acquired 557 gold pieces
 30248 | Orc:1    | Entered Level 1 of the Orcish Mines
 30310 | Orc:2    | Entered Level 2 of the Orcish Mines
 30310 | Orc:2    | Noticed Sonja
 30318 | Orc:2    | Killed Sonja
 30752 | Orc:2    | Reached skill level 13 in Unarmed Combat
 31122 | Orc:2    | Found Umoeppeto's Book Boutique.
 31413 | Orc:2    | Found Gymieg's General Store.
 31432 | Orc:2    | Reached XP level 16. HP: 170/179 MP: 18/23
 31508 | Orc:2    | Bought a book of Transfigurations for 770 gold pieces
 31509 | Orc:2    | Found a staircase to the Elven Halls.
 31533 | Orc:2    | Noticed Azrael
 31542 | Orc:2    | Killed Azrael
 32327 | Orc:1    | Found Wieton's Gadget Shoppe.
 32664 | Orc:1    | Reached skill level 14 in Unarmed Combat
 32876 | Orc:2    | Cast into level 2 of the Abyss (orc high priest)
 33172 | Abyss:2  | Found a corrupted altar of Lugonu.
 33264 | Orc:2    | Escaped the Abyss
 33511 | Orc:2    | Found Sinliwa's Antique Weapon Emporium.
 33813 | Orc:2    | Found Ceink's Antique Armour Shoppe.
 34318 | D:15     | Entered Level 15 of the Dungeon
 34573 | D:15     | Noticed Jorgrun
 34580 | D:15     | Killed Jorgrun
 34767 | D:15     | Found a staircase to the Depths.
 35812 | Elf:1    | Entered Level 1 of the Elven Halls
 37034 | Elf:1    | Reached skill level 15 in Unarmed Combat
 37054 | Elf:1    | Reached XP level 17. HP: 79/187 MP: 7/24
 38227 | Swamp:1  | Entered Level 1 of the Swamp
 39196 | Swamp:1  | Noticed a tentacled monstrosity
 39217 | Swamp:1  | Killed a tentacled monstrosity
 39412 | Swamp:1  | Learned a level 7 spell: Dragon Form
 39419 | Swamp:1  | Learned a level 6 spell: Statue Form
 39443 | Swamp:2  | Reached skill level 1 in Earth Magic
 39851 | Swamp:2  | Noticed Donald
 39858 | Swamp:2  | Killed Donald
 39864 | Swamp:2  | Found a blossoming altar of Fedhas.
 40259 | Swamp:2  | Noticed Nikola
 40271 | Swamp:2  | Killed Nikola
 40988 | Swamp:3  | Noticed Bai Suzhen
 41080 | Swamp:3  | Killed Bai Suzhen
 41080 | Swamp:3  | Reached skill level 5 in Earth Magic
 41223 | Swamp:3  | Reached XP level 18. HP: 57/197 MP: 8/25
 41585 | Swamp:3  | Reached skill level 16 in Unarmed Combat
 42354 | Swamp:4  | Entered Level 4 of the Swamp
 43157 | Swamp:4  | Found a blossoming altar of Fedhas.
 43162 | Swamp:4  | Reached skill level 15 in Transmutations
 43509 | Swamp:4  | Found a basalt altar of Yredelemnul.
 43521 | Swamp:4  | Got a decaying rune of Zot
 43564 | Swamp:4  | Acquired 816 gold pieces
 43763 | Spider:1 | Entered Level 1 of the Spider Nest
 44899 | Spider:1 | Reached skill level 1 in Evocations
 45659 | Spider:2 | Noticed Asterion
 45668 | Spider:2 | Killed Asterion
 45671 | Spider:2 | Reached skill level 5 in Evocations
 45811 | Spider:2 | Reached XP level 19. HP: 205/205 MP: 0/26
 47800 | Spider:4 | Entered Level 4 of the Spider Nest
 47804 | Spider:4 | Noticed Kirke
 47810 | Spider:4 | Killed Kirke
 47924 | Spider:4 | Noticed Arachne
 47951 | Spider:4 | Killed Arachne
 48658 | Spider:4 | Reached skill level 10 in Invocations
 48912 | Spider:4 | Reached skill level 15 in Fighting
 49184 | Spider:4 | Got a gossamer rune of Zot
 49245 | Spider:4 | Found a runed translucent door.
 49245 | Spider:4 | Found a shimmering altar of Xom.
 49245 | Spider:4 | Noticed ipx's ghost (adept DEEE)
 49608 | Spider:4 | Killed ipx's ghost
 49613 | Spider:4 | Got a slimy amethyst amulet
 49618 | Spider:4 | Identified the amulet of Seisipn {Faith rF+} (You found it
                  | on level 4 of the Spider Nest)
 49911 | Elf:2    | Reached XP level 20. HP: 219/219 MP: 19/30
 50957 | Elf:2    | Found a runed translucent gate.
 50957 | Elf:2    | Found a runed translucent gate.
 50957 | Elf:2    | Found a runed translucent gate.
 51057 | Elf:2    | Found Winad's Jewellery Shop.
 51119 | Elf:2    | Bought a cursed amulet of inaccuracy for 42 gold pieces
 51378 | Elf:3    | Entered Level 3 of the Elven Halls
 51428 | Elf:3    | Found Diecou's Book Shop.
 52586 | Elf:3    | Noticed a Tzitzimitl
 52593 | Elf:3    | Noticed a Brimstone Fiend
 53485 | Elf:3    | Reached skill level 17 in Unarmed Combat
 53486 | Elf:3    | Noticed a Tzitzimitl
 53492 | Elf:3    | Cast into level 3 of the Abyss (a deep elf demonologist)
 53754 | Elf:3    | Escaped the Abyss
 53872 | Elf:3    | Identified Usururar's Grimoire of Dusty Lightness
 53874 | Elf:3    | Identified the Tome of Freezing Confrontation
 53920 | Elf:3    | Learned a level 5 spell: Yara's Violent Unravelling
 54142 | Vaults:1 | Entered Level 1 of the Vaults
 54190 | Vaults:1 | Noticed Aizul
 54198 | Vaults:1 | Killed Aizul
 54200 | Vaults:1 | Reached XP level 21. HP: 227/227 MP: 19/31
 54778 | Vaults:1 | Found Warih's Antique Armour Boutique.
 55929 | Vaults:1 | Got a pair of ancient gloves
 55935 | Vaults:1 | Identified the +2 pair of gloves of Juwkiloe {Harm} (You
                  | found it on level 1 of the Vaults)
 56490 | Vaults:2 | Found a staircase to the Crypt.
 56490 | Vaults:2 | Found a basalt altar of Yredelemnul.
 56491 | Vaults:2 | Found an ancient bone altar of Kikubaaqudgha.
 56539 | Vaults:2 | Reached skill level 18 in Unarmed Combat
 56612 | Vaults:2 | Identified the Catalogue of Dislocated Dark Magic
 56976 | Vaults:2 | Reached skill level 5 in Poison Magic
 56990 | Vaults:2 | Found Maacaapp's Weapon Shop.
 58038 | Vaults:3 | Reached XP level 22. HP: 237/237 MP: 29/35
 58097 | Vaults:3 | Reached skill level 1 in Hexes
 58343 | Vaults:3 | Reached skill level 5 in Hexes
 59125 | Vaults:4 | Found Yxter's Armour Boutique.
 59664 | Vaults:4 | Noticed Mara
 59683 | Vaults:4 | Killed Mara
 60511 | Vaults:4 | Noticed Frederick
 60525 | Vaults:4 | Killed Frederick
 61028 | Vaults:4 | Reached XP level 23. HP: 245/245 MP: 36/36
 61286 | Vaults:5 | Entered Level 5 of the Vaults
 61673 | Vaults:5 | Reached skill level 15 in Dodging
 61673 | Vaults:5 | Reached skill level 19 in Unarmed Combat
 61821 | Vaults:5 | Noticed a golden dragon
 61831 | Vaults:5 | Killed a golden dragon
 62428 | Vaults:5 | Identified the Almanac of the Volcanoes and Calling
 62431 | Vaults:5 | Got a glittering bronze ring
 62483 | Vaults:5 | Identified the ring "Dipairirgh" {Int+6 SInv}
 62683 | Vaults:5 | Paralysed by a sphinx for 5 turns
 62691 | Vaults:5 | Reached XP level 24. HP: 162/261 MP: 13/36
 63093 | Vaults:5 | Got a silver rune of Zot
 63161 | Vaults:5 | Found the +4 dagger "Morg" {pain, MR+ Int+5}
 63162 | Vaults:5 | Found the +4 skin of Zhor {Englaciate rC+++ SInv}
 63250 | Vaults:5 | Identified the ring of Sosiago {rC+++ rN+ EV+4 Str-2} (You
                  | found it on level 5 of the Vaults)
 63355 | Vaults:5 | Identified the Handbook of the Feathery Snowflakes
 63773 | Vaults:5 | Got a vibrating tin ring
 64139 | D:14     | Learned a level 2 spell: Passwall
 64145 | D:14     | Learned a level 5 spell: Irradiate
 64145 | D:14     | Identified the ring "Boewunias" {rC+ Str+5} (You found it
                  | on level 5 of the Vaults)
 64181 | Depths:1 | Entered Level 1 of the Depths
 64181 | Depths:1 | Found Duiraheng's Book Emporium.
 64221 | Depths:1 | Found Gyumpiz's General Store.
 64232 | Depths:1 | Found Qysh's Magic Scroll Shop.
 64365 | Depths:1 | Found a gateway to Hell.
 64377 | Depths:1 | Found Kearghy's Weapon Shoppe.
 64380 | Depths:1 | Found Qixzac's Antique Armour Shoppe.
 65011 | Depths:1 | Found a one-way gate leading to the halls of Pandemonium.
 65680 | Depths:2 | Found a gateway to a ziggurat.
 65980 | Depths:2 | Identified the amulet "Nimoi" {Spirit +Blink MR+ Stlth+}
 66260 | Depths:2 | Found Utonutuz's Gadget Shop.
 66260 | Depths:2 | Found Haiske Zoarph's Jewellery Shoppe.
 66261 | Depths:2 | Found Nistan's Gadget Shop.
 66357 | Depths:2 | Found a radiant altar of Vehumet.
 66384 | Depths:2 | Noticed the Enchantress
 66396 | Depths:2 | Killed the Enchantress
 66396 | Depths:2 | Reached skill level 20 in Unarmed Combat
 66489 | Depths:2 | Got a sparkling marble ring
 66992 | Depths:3 | Reached XP level 25. HP: 279/279 MP: 31/36
 67336 | Depths:3 | You fall into a shaft and drop 2 floors!
 67336 | Depths:5 | Entered Level 5 of the Depths
 67703 | Depths:5 | HP: 14/364 [fire giant/fireball (14)]
 68146 | Depths:5 | Identified the ring of Conformity {rElec rF+} (You found it
                  | on level 2 of the Depths)
 68781 | Depths:5 | Found a gate to the Realm of Zot.
 69001 | Depths:4 | Reached skill level 21 in Unarmed Combat
 69368 | Depths:4 | Found a one-way gate to the infinite horrors of the Abyss.
 69747 | Depths:4 | Noticed a juggernaut
 69758 | Depths:4 | Killed a juggernaut
 69842 | Depths:4 | Reached skill level 22 in Unarmed Combat
 69888 | Depths:4 | Identified the Catalogue of Hurtful Feathers
 70222 | Depths:3 | Reached XP level 26. HP: 293/293 MP: 24/36
 70331 | Depths:3 | Paralysed by a floating eye for 3 turns
 71131 | D:13     | You paid a toll of a +7 demon whip to enter a treasure
                  | trove
 71132 | Trove    | Entered a treasure trove
 71167 | Trove    | Got a translucent steel amulet
 71171 | Trove    | Identified the amulet "Qoxyuwipu" {Inacc rPois rF+ Str-5
                  | Int+4} (You found it in a treasure trove)
 71456 | Crypt:1  | Entered Level 1 of the Crypt
 71486 | Crypt:1  | Got a slimy cloak
 71497 | Crypt:1  | Identified the +3 cloak "Koocebot" {Harm Dex+5} (You found
                  | it on level 1 of the Crypt)
 72645 | Crypt:2  | Reached skill level 23 in Unarmed Combat
 73099 | Crypt:3  | Entered Level 3 of the Crypt
 73829 | Crypt:3  | Found a basalt altar of Yredelemnul.
 74566 | Crypt:3  | Found a staircase to the Tomb.
 74575 | Crypt:3  | Reached XP level 27. HP: 307/307 MP: 29/36
 75404 | Tomb:1   | Entered Level 1 of the Tomb of the Ancients
 75695 | Tomb:1   | Reached skill level 24 in Unarmed Combat
 75884 | Tomb:1   | Noticed an ancient lich
 75886 | Tomb:1   | Noticed a greater mummy
 75887 | Tomb:1   | Killed an ancient lich
 75892 | Tomb:1   | Killed a greater mummy
 76343 | Tomb:1   | Identified the Compendium of Frigorific Clay
 76794 | Tomb:2   | Noticed a greater mummy
 76796 | Tomb:2   | Noticed a greater mummy
 76798 | Tomb:2   | Noticed a greater mummy
 76800 | Tomb:2   | Noticed a greater mummy
 78779 | Tomb:2   | HP: 8/400 [greater mummy/divine providence (17)]
 78780 | Tomb:2   | Slain by a bennu

Illustrated notes

Levels and vault maps discovered:
D:1:      minmay_arrival_four_loops, layout_basic
D:2:      layout_loops_corners, chequers_ecumenical_altar_simple_redux,
          wad_orctagon
D:3:      layout_basic, nicolae_overflow_quartered_altars, lemuel_tele_altar,
          uniq_crazy_yiuf_cottage
D:4:      layout_basic, cheibrodos_ashenzari_chains, serial_shops,
          kennysheep_mini_moat
D:5:      kennysheep_big_flooded_room, layout_basic, gup_sewer_entry_bowl,
          kennysheep_generic_room_6
D:6:      layout_basic, kennysheep_mini, nicolae_qazlal_eye_of_the_storm
D:7:      layout_rooms, minmay_temple_entry_tees, kennysheep_another_room
D:8:      layout_loops_corners, erik_lair_orcish_takeover
D:9:      layout_roguey, uniq_joseph
D:10:     layout_roguey, uniq_gastronok, uniq_nergalle
D:11:     layout_cave_pools, minmay_misc_feat_x, uniq_erolcha
D:12:     minmay_bloctagon_deflated, layout_rooms, orc_0_dummy, uniq_rupert,
          uniq_nessos, uniq_maurice
D:13:     layout_roguey, nicolae_trove_entry_crystal,
          gammafunk_ghost_necromancy, st_stairs_14, minmay_shop_grid_forest,
          blue_anna_alchemist [blue_anna_fruit_fields, blue_anna_fruit_fields]
D:14:     layout_long_grid, erik_vaults_1, minmay_tree_intersection,
          nicolae_elemental_shop, door_vault
D:15:     grunt_enter_depths_giant_problem, layout_basic, minmay_crystal_water,
          uniq_jorgrun
Lair:1:   layout_roguey, nicolae_volcano_entry_hallway
Lair:2:   layout_chaotic_city, swamp_mist_pool, st_stairs_13, minivault_11,
          grunt_megastairs_1, minmay_lair_oklob_chamber
Lair:3:   layout_chaotic_city, spider_nest_entry_funnel_web
Lair:4:   layout_gridlike, st_stairs_9, serial_bayou_shore_a, uniq_josephine
Lair:5:   onia_ninara_swampy_vault, layout_regular_city, tgw_fedhas
Lair:6:   wormcave, layout_layer_cave, guppyfry_lair_end_dragon,
          nicolae_slime_entry_slimehenge, lemuel_fruit_tree
Swamp:1:  cheibrodos_swamp_monstrosity, layout_basic_swamp,
          hangedman_swamp_ruin_wall
Swamp:2:  layout_basic_swamp, lemuel_altar_in_water, uniq_nikola, uniq_donald
Swamp:3:  layout_basic_swamp, evilmike_swamp_ruin_house_1, uniq_bai_suzhen
Swamp:4:  byrel_swamp_growth_death_and_undeath, layout_basic_swamp,
          infiniplex_staircase_pool
Spider:1: layout_spider_delve, einodemon_crawler_minivault
Spider:2: layout_spider_delve, hangedman_spider_tarantella_strand, uniq_asterion
Spider:3: layout_spider_delve
Spider:4: johnstein_spider_rune_arachne_lair, ebering_ghost_xom, uniq_kirke
Orc:1:    layout_caves, serial_shops, nicolae_shop_competitors_out_of_business,
          guppyfry_library_mini
Orc:2:    grunt_orc_gardens, layout_caves, grunt_orc_garden, grunt_orc_garden,
          grunt_orc_garden, grunt_orc_garden, minmay_orc_barracks, uniq_sonja,
          uniq_azrael
Elf:1:    eino_elf_arrival_the_gate, layout_gridlike, hangedman_elf_disciples,
          minivault_16, palyth_stone_intersect, small_chamber_with_monster,
          drop_trap
Elf:2:    layout_onion_city, serial_shops, nicolae_shop_window_shopping
Elf:3:    grunt_elf_hall_branching, layout_loops_corners, serial_shops, shop
Vaults:1: nicolae_vaults_windows_and_doors_thing, vaults_room_glass_cross,
          nicolae_vaults_theta, v_rooms_3, nicolae_vaults_three_branches,
          layout_vaults_omnigrid, serial_shops, shop_fountains, uniq_aizul
Vaults:2: v_misc_24, v_misc_24, minmay_crypt_entry_necro_gods,
          hangedman_vaults_stream, nicolae_vaults_little_squares_1,
          ontoclasm_vaults_shuriken, vaults_room_hangedman_quadrants,
          hangedman_vaults_stitches, vaults_room_semicircle,
          vaults_room_door_ring, ontoclasm_vaults_twist, v_misc_10,
          layout_vaults_omnibox, serial_shops, shop
Vaults:3: nicolae_vaults_border_crossing, vaults_dpeg_spiral,
          nicolae_vaults_rhombus_7, v_misc_13, nicolae_vaults_network_square,
          v_misc_32, vaults_room_semicircle, vaults_mumra_minichess,
          nicolae_vaults_network_star, nicolae_vaults_meeting,
          ontoclasm_vaults_decontamination, v_misc_12, layout_vaults_ring
Vaults:4: ontoclasm_vaults_ring_square, v_misc_2, ontoclasm_vaults_ring_large,
          ontoclasm_vaults_misaligned, v_pattern_1, v_misc_15,
          vaults_dpeg_doors, vaults_room_grunt_arrival_ludios,
          nicolae_vaults_rhombus_5, grunt_vaults_bifocal, ontoclasm_vaults_eye,
          v_alt_pattern_3, dpeg_vaults_monster_box, v_misc_2,
          vaults_dpeg_encased_lava, layout_vaults_omnicross, uniq_mara,
          uniq_frederick
Vaults:5: serial_shops
Crypt:1:  layout_misc_corridors, grunt_crypt_arrival_webbed
Crypt:2:  layout_gridlike
Crypt:3:  evilmike_haunted_forest
Tomb:1
Tomb:2
Depths:1: layout_forbidden_donut, serial_shops, shop_statue, shop, shop, shop,
          shop, grunt_pan_entry_spiral, hell_entry, minivault_16,
          minmay_shattered_shrine
Depths:2: grunt_forest_end_shrine, layout_cave_pools, enter_ziggurat_a,
          minmay_misc_feat_iff, pf_coc_iceberg, rand_demon_pan_entry_5,
          wad_dig_loot, infiniplex_staircase_zigzag_5, serial_bayou_shore_b,
          minmay_shop_grove
Depths:3: minmay_tile_spiral, layout_cave_pools, serial_bayou,
          serial_bayou_shore_b, serial_bayou_pond_d, serial_bayou_lagoon_a,
          serial_bayou_pond_e, pan_entry, hangedman_geh_valley,
          infiniplex_staircase_zigzag_3
Depths:4: cross_vault, layout_gridlike, abyss_entry_glasseish,
          grunt_hell_entry_dis_mu, hangedman_abyss_or_decor_passed,
          minmay_evil_grid
Depths:5: grunt_zot_entry_gee_three, layout_gridlike, hell_entry, pan_entry,
          minmay_misc_feat_room

Skill      XL: |  1  2  3  4  5  6  7  8  9 10 11 12 13 14 15 16 17 18 19 20 21 22 23 24 25 26 27 |
---------------+----------------------------------------------------------------------------------+-----
Transmutations | 3 4 5 7 8 10 11 12 13 16 17 18 | 18.0
Poison Magic   | 1 2 3 6 |  6.0
Unarmed Combat | 4 5 6 8 10 13 15 16 17 18 19 20 22 23 24 | 24.5
Spellcasting   | 3 5 7 9 |  9.0
Fighting       | 4 8 10 13 14 15 16 18 19 20 21 | 21.2
Dodging        | 4 7 10 11 12 14 16 | 16.0
Armour         | 3 5 7 8 |  8.0
Invocations    | 8 11 | 11.0
Stealth        | 9 10 | 10.0
Ice Magic      | 4 |  4.0
Earth Magic    | 5 6 8 |  8.0
Evocations     | 5 8 |  8.0
Hexes          | 7 |  7.0

Action                   |  1- 3 |  4- 6 |  7- 9 | 10-12 | 13-15 | 16-18 | 19-21 | 22-24 | 25-27 || total
-------------------------+-------+-------+-------+-------+-------+-------+-------+-------+-------++-------
Melee: Unarmed           |    63 |    94 |   302 |   325 |   641 |   776 |   854 |   875 |   754 ||  4684
       Headbutt          |     6 |     4 |       |       |       |       |       |       |       ||    10
       Bite              |       |     4 |    10 |    45 |    95 |   148 |   159 |   184 |   143 ||   788
       Punch             |       |       |     5 |    21 |    37 |   101 |   114 |   157 |   130 ||   565
       Constrict         |       |       |       |       |   101 |   151 |   183 |   174 |   126 ||   735
       Tailslap          |       |       |       |       |       |     2 |     5 |       |       ||     7
 Cast: Beastly Appendage |    18 |    11 |       |       |       |       |       |       |       ||    29
       Spider Form       |     1 |     7 |    46 |     3 |       |       |       |       |       ||    57
       Blade Hands       |       |       |     1 |    39 |    61 |    71 |       |       |       ||   172
       Ice Form          |       |       |       |     2 |    25 |     3 |     1 |     1 |       ||    32
       Statue Form       |       |       |       |       |       |    23 |    90 |    60 |    79 ||   252
       Dragon Form       |       |       |       |       |       |     1 |     3 |       |       ||     4
       Yara's Violent Un |       |       |       |       |       |       |     4 |       |       ||     4
       Irradiate         |       |       |       |       |       |       |       |       |     2 ||     2
Invok: Slouch            |       |       |       |       |     1 |     1 |     1 |     1 |     2 ||     6
       Temporal Distorti |       |       |       |       |       |       |     1 |       |       ||     1
 Abil: Spit Poison       |    19 |    12 |     7 |     2 |     4 |    10 |    21 |       |       ||    75
       Breathe Fire      |       |       |       |       |       |     2 |     2 |       |       ||     4
       End Transformatio |       |       |       |       |       |     1 |     1 |       |       ||     2
Evoke: Wand              |       |       |       |     1 |       |     2 |     8 |       |     1 ||    12
  Use: Potion            |       |     2 |     9 |     2 |     1 |     1 |     1 |     1 |     2 ||    19
       Scroll            |       |       |    17 |    11 |    12 |    10 |     9 |     3 |    18 ||    80
 Stab: Sleeping          |       |       |     2 |     1 |    19 |    13 |    20 |    13 |    13 ||    81
       Distracted        |       |       |       |       |     2 |     6 |     8 |     4 |     4 ||    24
Armor: Robe              |     9 |    18 |    15 |    28 |       |       |       |       |       ||    70
       Skin              |       |       |    45 |     6 |    36 |   326 |   467 |   520 |   212 ||  1612
       Steam dragon scal |       |       |       |    43 |   163 |   206 |    34 |    40 |    49 ||   535
Dodge: Dodged            |    29 |    83 |   265 |   290 |   882 |  1638 |  1503 |  2093 |  1315 ||  8098

Table legend: (Time is in decaauts)
 A = Elapsed time spent in this place.
 B = Non-inter-level travel time spent in this place.
 C = Inter-level travel time spent in this place.
 D = Time resting spent in this place.
 E = Time spent auto-exploring this place.
 F = Levels seen in this place.
 G = Mean time per level.
                   A        B        C        D        E       F      G
               +--------+--------+--------+--------+--------+-----+--------+
         Total | 139714 | 128214 |  11500 |  10773 |  99853 |  52 | 2686.8 |
       Dungeon |  36519 |  31591 |   4928 |   1877 |  26143 |  15 | 2434.6 |
          Lair |  18474 |  16881 |   1593 |   1364 |  14019 |   6 | 3079.0 |
         Swamp |   9442 |   8876 |    566 |    796 |   6823 |   4 | 2360.5 |
   Spider Nest |   9865 |   9481 |    384 |    215 |   7691 |   4 | 2466.2 |
  Orcish Mines |   6474 |   5925 |    549 |   1987 |   3239 |   2 | 3237.0 |
   Elven Halls |  10628 |   9972 |    656 |    991 |   7389 |   3 | 3542.7 |
        Vaults |  20166 |  18424 |   1742 |    924 |  14504 |   5 | 4033.2 |
         Crypt |   8507 |   8051 |    456 |      0 |   6827 |   3 | 2835.7 |
          Tomb |   4796 |   4550 |    246 |   1965 |   2087 |   2 | 2398.0 |
        Depths |  13711 |  13335 |    376 |    445 |  10534 |   5 | 2742.2 |
         Abyss |    890 |    890 |      0 |    207 |    539 |   2 |  445.0 |
         Trove |    238 |    238 |      0 |      0 |     54 |   1 |  238.0 |
               +--------+--------+--------+--------+--------+-----+--------+

Top non-repeatable levels by time:
    D:14: 6020 daAuts
Vaults:4: 5116 daAuts
  Tomb:1: 4750 daAuts
 Crypt:3: 4661 daAuts
   Elf:3: 4346 daAuts
Vaults:1: 4337 daAuts
Vaults:5: 4116 daAuts
Vaults:3: 3999 daAuts
  Lair:5: 3774 daAuts
  Lair:3: 3702 daAuts
  Lair:6: 3660 daAuts
Spider:4: 3501 daAuts
    D:13: 3334 daAuts
   Orc:2: 3258 daAuts
   Orc:1: 3216 daAuts
